 Dungeon Crawl Stone Soup version 0.31-a0-640-g39d97e502b (webtiles) character file.

Game seed: 10995830399532459743

30 qw the Shooter (level 3, -4/21 HPs)
             Began as a Gargoyle Hunter on Aug 27, 2023.
             Slain by Sigmund
             ... wielding a +0 scythe
              (8 damage)
             ... on level 2 of the Dungeon.
             The game lasted 00:00:14 (815 turns).

qw the Shooter (Gargoyle Hunter)                     Turns: 815, Time: 00:00:15

Health: -4/21      AC:  6    Str: 14    XL:     3   Next: 18%
Magic:  3/3        EV: 11    Int:  9    God:
Gold:   16         SH:  0    Dex: 15    Spells: 2/2 levels left

rFire   . . .        Y - +0 shortbow
rCold   . . .        (shield currently unavailable)
rNeg    + . .        c - +0 leather armour
rPois   inf          (no helmet)
rElec   +            (no cloak)
rCorr   .            (no gloves)
SInv    .            (no boots)
Will    .....        (no amulet)
Stlth   +            (no ring)
HPRegen 0.23/turn    (no ring)
MPRegen 0.08/turn

%: no passive effects
@: confused
A: sickness immunity, AC +3, negative energy resistance 1, electricity
resistance, torment resistance 1, petrification resistance
a: no special abilities


You were on level 2 of the Dungeon.
You visited 1 branch of the dungeon, and saw 2 of its levels.

You collected 16 gold pieces.


Innate Abilities, Weirdness & Mutations

You are immune to sickness and miasma.
Your stone body is resilient. (AC +3)
You are immune to poison.
You resist negative energy. (rN+)
You are resistant to electric shocks. (rElec)
You are resistant to unholy torment.
You are immune to petrification.


   Skills:
 + Level 2.1 Fighting
 - Level 5.0 Ranged Weapons
 - Level 1.5 Dodging
 - Level 1.1 Stealth


You had 2 spell levels left.
You didn't know any spells.
Your spell library was empty.

Inventory:

Hand Weapons
 Y - a +0 shortbow (weapon)
Armour
 b - a +0 helmet
 c - a +0 leather armour (worn)
Jewellery
 f - a ring of ice
Scrolls
 a - a scroll of identify
Potions
 g - a potion of might {unknown}
 h - a potion of ambrosia {unknown}

Dungeon Overview and Level Annotations

Branches:
Dungeon (2/15)

Altars:

Annotations:
D:2 Sigmund


Message History

You shoot an arrow. The arrow barely misses Sigmund.
Sigmund completely misses you.
You shoot an arrow. The arrow hits Sigmund.
Sigmund is lightly wounded.
Sigmund casts a spell at you. You resist with significant effort.
You shoot an arrow.
The arrow hits Sigmund but does no damage.
Sigmund is lightly wounded.
Sigmund hits you but does no damage.
You shoot an arrow.
The arrow hits Sigmund but does no damage.
Sigmund is lightly wounded.
Sigmund barely misses you.
You shoot an arrow. The arrow closely misses Sigmund.
Sigmund hits you from afar with a +0 scythe.
You shoot an arrow. The arrow hits Sigmund!
Sigmund is moderately wounded.
You shoot an arrow. The arrow hits Sigmund!
Sigmund is severely wounded.
Sigmund barely misses you.
You shoot an arrow. The arrow closely misses Sigmund.
Sigmund barely misses you.
You shoot an arrow. The arrow hits Sigmund.
Sigmund is severely wounded.
Sigmund gestures at you while chanting. The puff of flame hits you.
You shoot an arrow.
The arrow hits Sigmund but does no damage.
Sigmund is severely wounded.
Sigmund points at you and mumbles some strange words.
The magic dart hits you.
You shoot an arrow. The arrow closely misses Sigmund.
Sigmund points at you and mumbles some strange words.
The puff of flame hits you!
Sigmund points at you and mumbles some strange words.
You are confused.
Sigmund hits you from afar with a +0 scythe!
You die...
Sigmund begins carving another notch in his scythe.

#........# .##+##....#
.......<#.## ###+###
#......##..###.....#
#...........#......# #
#...........#......#.#
#...........#........###
#####.......+.!.........
#.......#...@.......
#...........#.......
##.......#.##@......
#######.#+# ......# #..
......# .... ++#####
..... ....... ....>###


You could see Sigmund.

Vanquished Creatures
  An adder (D:2)
  An endoplasm (D:1)
  4 goblins (D:1)
  4 hobgoblins (D:1)
  2 quokkas (D:1)
  2 ball pythons (D:1)
  2 frilled lizards (D:1)
  A kobold (D:1)
  2 rats (D:1)
19 creatures vanquished.

Notes
Turn   | Place    | Note
-------+----------+-------------------------------------------
     0 | D:1      | qw the Gargoyle Hunter began the quest for the Orb.
     0 | D:1      | Reached XP level 1. HP: 12/12 MP: 1/1
     0 | D:1      | 0 ||| qw: Version: 0.3-a-74-g0d5e918
     0 | D:1      | 0 ||| qw: Game counter: 17
     0 | D:1      | 0 ||| qw: Melee chars always use a shield: true
     0 | D:1      | 0 ||| qw: God list: Okawaru
     0 | D:1      | 0 ||| qw: Allow faded altars: false
     0 | D:1      | 0 ||| qw: Do Orc after clearing Dungeon:15 true
     0 | D:1      | 0 ||| qw: Do second Lair branch before Depths: true
     0 | D:1      | 0 ||| qw: Lair rune preference: random
     0 | D:1      | 0 ||| qw: Goals: Normal
     0 | D:1      | 0 ||| PLANNING D:1-11
    57 | D:1      | Reached XP level 2. HP: 17/17 MP: 2/2
   720 | D:1      | 720 ||| READING 3 scrolls labelled QIRULI AJADGH.
   721 | D:1      | 721 ||| READING 2 scrolls of identify.
   721 | D:1      | 721 ||| IDENTIFYING coppery potion
   722 | D:1      | 722 ||| DROPPING scroll of butterflies.
   723 | D:1      | 723 ||| DROPPING potion of lignification.
   768 | D:2      | Reached skill level 5 in Ranged Weapons
   768 | D:2      | Reached XP level 3. HP: 17/21 MP: 3/3
   799 | D:2      | Noticed Sigmund
   814 | D:2      | HP: 3/21 [Sigmund/puff of flame (9)]
   815 | D:2      | Slain by Sigmund

Levels and vault maps discovered:
D:1:      amcnicky_arrival_double_pillar, layout_loops_ring, minivault_26,
          roderic_lattice_a, minmay_pentomino_z2
D:2:      layout_basic, serial_shops, shop, shop, minmay_indecisive_spiral,
          uniq_sigmund

Skill      XL: |  1  2 |
---------------+-------+-----
Ranged Weapons | 5 |  5.0
Fighting       | |  2.1
Dodging        | |  1.5
Stealth        | |  1.1

Action                     || total
---------------------------++-------
   Fire: Shortbow          ||    60
    Use: Scroll            ||     2
 Armour: Leather armour    ||     7
  Dodge: Dodged            ||    10

Table legend:
 A = Non-vault XP
 B = Vault XP
 C = Vault XP percentage of total XP
 D = Non-vault monster count
 E = Vault monster count
 F = Vault count percentage of total count
                 A         B        C        D         E       F
            +---------+---------+-------+---------+---------+-------
      Total |      39 |       4 |   9.3 |      17 |       2 |  10.5
            +---------+---------+-------+---------+---------+-------
        D:1 |      26 |       4 |  13.3 |      16 |       2 |  11.1
        D:2 |      13 |       0 |   0.0 |       1 |       0 |   0.0
            +---------+---------+-------+---------+---------+-------
